 Dungeon Crawl Stone Soup version 0.27.0-66-gdc8fb28755 (webtiles) character file.

Game seed: 7810683919627567881

336 Dillybarz the Chopper (level 6, 0/57 HPs)
             Began as a Hill Orc Fighter on Aug 19, 2021.
             Was a Follower of Jiyva.
             Slain by Grinder (3 damage)
             ... while paralysed by Grinder
             ... on level 4 of the Dungeon.
             The game lasted 00:16:28 (3687 turns).

Dillybarz the Chopper (Hill Orc Fighter)            Turns: 3687, Time: 00:16:29

Health: 0/57       AC:  9    Str: 21    XL:     6   Next: 54%
Magic:  6/6        EV:  2    Int:  8    God:    Jiyva [*.....]
Gold:   84         SH:  0    Dex: 10    Spells: 5/5 levels left

rFire    . . .     SeeInvis .   a - +1 war axe
rCold    . . .     Faith    .   c - +0 kite shield
rNeg     . . .     Spirit   .   b - +0 scale mail
rPois    .         Reflect  .   n - +0 helmet
rElec    .         Harm     .   (no cloak)
rCorr    .         Rampage  .   (no gloves)
Will     .....                  i - +0 pair of boots
Stlth    ..........             (no amulet)
HPRegen  0.19/turn              (no ring)
MPRegen  0.10/turn              (no ring)

@: paralysed
A: no striking features
a: Renounce Religion, Request Jelly


You were on level 4 of the Dungeon.
You worshipped Jiyva.
Jiyva was aware of your devotion.
You visited 1 branch of the dungeon, and saw 4 of its levels.
You also visited: Sewer.

You collected 84 gold pieces.

Inventory:

Hand Weapons
 a - a +1 war axe (weapon)
Armour
 b - a +0 scale mail (worn)
 c - a +0 kite shield (worn)
 i - a +0 pair of boots (worn)
 n - a +0 helmet (worn)
Jewellery
 j - an amulet of magic regeneration
Scrolls
 e - a scroll of magic mapping
 k - a scroll of blinking
Potions
 d - 4 potions of might
 f - 4 potions of degeneration {unknown}
 g - a potion of flight
 h - a potion of magic {unknown}
 l - 2 potions of mutation
 o - a potion of heal wounds {unknown}
 p - a potion of curing


   Skills:
 + Level 5.7 Fighting
 * Level 7.4 Axes
 - Level 3.2 Armour
 - Level 3.2 Shields


You had 5 spell levels left.
You didn't know any spells.
Your spell library contained the following spells:

 Spells                   Type           Power      Damage    Failure   Level
 Sublimation of Blood     Necr           0%         N/A       100%        2
 Petrify                  Tmut/Erth      0%         N/A       100%        4
 Irradiate                Conj/Tmut      0%         3d14      100%        5


Dungeon Overview and Level Annotations

Branches:
Dungeon (4/15)              Sewer (visited)
 Temple: D:4-7

Altars:
Ru
Uskayaw
Jiyva

Annotations:
D:4 Grinder


Message History

You hit Grinder.
Grinder is moderately wounded.
Grinder hits you.
You writhe in agony.
* * * LOW HITPOINT WARNING * * *
You barely miss Grinder.
Grinder is moderately wounded.
You block Grinder's attack. Grinder closely misses you.
Your shield prevents you from hitting Grinder.
Grinder is moderately wounded.
You block Grinder's attack.
You slash Grinder!
Grinder is severely wounded.
Grinder drinks a potion.
Grinder is healed!
You closely miss Grinder.
Grinder is heavily wounded.
Grinder closely misses you. Grinder barely misses you.
You hit Grinder but do no damage.
Grinder is heavily wounded.
Grinder barely misses you.
You slash Grinder!
Grinder is severely wounded.
Grinder hits you!
* * * LOW HITPOINT WARNING * * *
You writhe in agony.
* * * LOW HITPOINT WARNING * * *
You hit Grinder.
Grinder is severely wounded.
Grinder hits you but does no damage. You block Grinder's attack.
You hit Grinder.
Grinder is almost dead.
Grinder hits you.
* * * LOW HITPOINT WARNING * * *
You writhe in agony.
* * * LOW HITPOINT WARNING * * *
Grinder gestures at you.
You suddenly lose the ability to move!
Grinder gestures at you.
You barely resist. Grinder hits you.
You die...

#.###.### #.
#.......######.
#.###.#........
#.....#########
#####.# #.#
########.#
#........#
..#######@########
.(...)..5.#
###########


You could see Grinder.

Vanquished Creatures
  2 necrophages (D:4)
  Terence (D:2)
  A howler monkey skeleton (D:4)
  3 adders
  5 worms
  A dart slug (D:3)
  5 endoplasms (D:2)
  2 giant cockroaches
  3 goblins
  8 hobgoblins
  16 jackals
  7 kobolds
  3 quokkas
  9 ball pythons
  6 bats
  5 frilled lizards
  7 rats
84 creatures vanquished.

Vanquished Creatures (others)
  2 adders (D:3)
  2 endoplasms
  5 giant cockroaches (D:3)
  4 jackals (D:3)
  2 kobolds (Sewer)
  A bat (D:3)
  2 frilled lizards (Sewer)
  33 plants (Sewer)
51 creatures vanquished.

Grand Total: 135 creatures vanquished

Notes
Turn   | Place    | Note
-------+----------+-------------------------------------------
     0 | D:1      | Dillybarz the Hill Orc Fighter began the quest for the Orb.
     0 | D:1      | Reached XP level 1. HP: 19/19 MP: 1/1
    64 | D:1      | Reached skill level 3 in Axes
   106 | D:1      | Reached XP level 2. HP: 21/27 MP: 2/2
   946 | D:2      | Reached skill level 4 in Axes
   949 | D:2      | Reached XP level 3. HP: 27/33 MP: 3/3
  1494 | D:2      | Reached XP level 4. HP: 41/41 MP: 4/4
  1640 | D:2      | Noticed Terence
  1649 | D:2      | Killed Terence
  1650 | D:2      | Reached skill level 5 in Axes
  1783 | D:2      | Found a faded altar of an unknown god.
  1944 | D:2      | Became a worshipper of Jiyva Joonepal the Shapeless
  1944 | D:2      | Reached * piety under Jiyva
  2125 | D:3      | Found a sacrificial altar of Ru.
  2336 | D:3      | Found a glowing drain.
  2351 | Sewer    | Entered a sewer
  2565 | Sewer    | Reached XP level 5. HP: 29/47 MP: 5/5
  3504 | D:4      | Noticed a necrophage
  3507 | D:4      | Found a hide-covered altar of Uskayaw.
  3510 | D:4      | Killed a necrophage
  3511 | D:4      | Reached skill level 5 in Fighting
  3511 | D:4      | Reached skill level 6 in Axes
  3511 | D:4      | Reached XP level 6. HP: 53/56 MP: 6/6
  3512 | D:4      | Noticed a necrophage
  3526 | D:4      | Killed a necrophage
  3527 | D:4      | Reached skill level 7 in Axes
  3659 | D:4      | Noticed Grinder
  3682 | D:4      | HP: 2/57 [Grinder (1)]
  3684 | D:4      | Paralysed by Grinder for 5 turns
  3687 | D:4      | Slain by Grinder

Illustrated notes

Levels and vault maps discovered:
D:1:      matt_arrival_spirals, layout_loops_ring
D:2:      minmay_evil_eye, layout_basic,
          hellmonk_ecumenical_altar_leap_of_faith, minmay_pentomino_pile,
          uniq_terence
D:3:      layout_loops_cross, mainiacjoe_overflow_catwalk,
          gup_sewer_entry_glass, st_stairs_12, minivault_11
D:4:      cheibrodos_pilgrimage, layout_loops_ring, lemuel_round_altar,
          minmay_temple_entry_glassed_door, uniq_grinder, uniq_pikel

Skill      XL: |  1  2  3  4  5  6 |
---------------+-------------------+-----
Axes           | 3 4 5 6 7 |  7.4
Fighting       | 4 5 |  5.7
Armour         | |  3.2
Shields        | |  3.2

Action                   |  1- 3 |  4- 6 || total
-------------------------+-------+-------++-------
Melee: War axe           |   125 |   144 ||   269
  Use: Scroll            |     4 |     4 ||     8
Armor: Scale mail        |    76 |    86 ||   162
Dodge: Dodged            |    37 |    52 ||    89
Block: Kite shield       |    80 |    58 ||   138
